 Dungeon Crawl Stone Soup version 0.16.1-4-g8e1b745 (console) character file.

30 gw the Magician (level 3, 0/22 HPs)
             Began as a Halfling Wizard on Mar 27, 2015.
             Slain by a worm (1 damage)
             ... on level 2 of the Dungeon.
             The game lasted 00:01:52 (2122 turns).

gw the Magician (Halfling Wizard)                   Turns: 2122, Time: 00:01:52

Health: 0/22       AC:  3    Str:  7    XL:     3   Next: 37%
Magic:  0/6        EV: 14    Int: 18    God:
Gold:   73         SH:  0    Dex: 12    Spells: 2 memorised, 4 levels left

rFire  . . .     SeeInvis .     a - +0 club
rCold  . . .     Clarity  .     j - +0 leather armour
rNeg   . . .     SustAb   .     (no shield)
rPois  .         Gourm    .     b - +0 hat
rElec  .         Spirit   .     (no cloak)
rCorr  .         Warding  .     (no gloves)
rMut   .         Stasis   .     (no boots)
MR     .....                    (no amulet)
Stlth  +.........               (no ring)
                                h - ring of loudness (curse)

@: very slightly contaminated, not resistant to hostile enchantments, very
unstealthy
A: mutation resistance 1
a: no special abilities


You were on level 2 of the Dungeon.
You were not hungry.

You visited 1 branch of the dungeon, and saw 2 of its levels.

You collected 73 gold pieces.

Inventory:

Hand weapons
 a - a +0 club (weapon)
Missiles
 e - 122 stones (quivered)
Armour
 b - a +0 hat (worn)
 j - a +0 leather armour (worn)
Jewellery
 h - a cursed ring of loudness (left hand)
Potions
 k - a potion of cure mutation
Books
 c - a book of Minor Magic

   Spells                             Type                      Level
   a - Magic Dart                     Conjuration                  1
   b - Blink                          Translocation                2
   c - Call Imp                       Summoning                    2
   d - Repel Missiles                 Charms/Air                   2
   e - Slow                           Hexes                        2
   f - Conjure Flame                  Conjuration/Fire             3
   g - Mephitic Cloud                 Conjuration/Poison/Air       3
Comestibles
 d - 2 bread rations
 f - 3 fruits
 g - a chunk of flesh


   Skills:
 + Level 0.8 Fighting
 + Level 0.5 Maces & Flails
 + Level 1.2 Armour
 - Level 2.1 Dodging
 - Level 2.1 Stealth
 + Level 2.6 Spellcasting
 - Level 0.7 Conjurations
   Level 0.8 Summonings
 * Level 1.8 Translocations


You had 4 spell levels left.
You knew the following spells:

 Your Spells              Type           Power        Failure   Level  Hunger
a - Magic Dart            Conj           #...         21%         1    #......
b - Blink                 Tloc           N/A          21%         2    ##.....


Dungeon Overview and Level Annotations

Branches:
Dungeon (2/15)

Altars:


Innate Abilities, Weirdness & Mutations

You are small and have problems with some larger weapons.
You are somewhat resistant to further mutation.


Message History

The worm bites you!
Ouch! That really hurt!
Your magical contamination has completely faded away.
Unknown command.
Unknown command.
Unknown command.
Unknown command.
Casting: Magic Dart
Confirm with . or Enter, or press ? or * to list all spells.
Aiming: Magic Dart
Press: ? - help, Shift-Dir - straight line, f/p - worm
Aim: a worm (moderately wounded)
You miscast Magic Dart.
You are very lightly contaminated with residual magic.
Nothing appears to happen.
ATTACKING (1,0)
You hit the worm but do no damage.
The worm is moderately wounded.
The worm bites you.
You die...

.#.####.# #........#####
.....##.# #........#
.....##.# #........#
.....##.# ##.#######
##.#.##.# #.# #.#.##.#
#.# #.#.##.#######.#
#.#.##.........#########
#.#.##.)###....pw.......
. . #..# #..........###
#..# #..........# ...#
#............ #..##
#..........## #...
............# #..#
#####...###. # #...# ...


You could see a worm.

Table legend:
 A = Turns spent in this place as a percentage of turns spent in the entire game.
 B = Non-inter-level travel turns spent in this place as a percentage of non-inter-level travel turns spent in the entire game.
 C = Inter-level travel turns spent in this place as a percentage of turns spent in this place.
 D = Turns resting spent in this place as a percentage of non-inter-level travel turns spent in this place.
 E = Turns spent auto-exploring this place as a percentage of non-inter-level travel turns spent in this place.
 F = Non-inter-level travel turns spent in this place divided by the number of levels of this place that you've seen.
                   A       B       C       D       E      F
               +-------+-------+-------+-------+-------+----------------------
         Total | 100.0 | 100.0 |   0.5 |   2.6 |   2.0 | 1208.5
       Dungeon | 100.0 | 100.0 |   0.5 |   2.6 |   2.0 | 1208.5
               +-------+-------+-------+-------+-------+----------------------

Table legend:
 A = Kills in this place as a percentage of kills in entire the game.
 B = Kills by you in this place as a percentage of kills by you in the entire game.
 C = Kills by friends in this place as a percentage of kills by friends in the entire game.
 D = Other kills in this place as a percentage of other kills in the entire game.
 E = Experience gained in this place as a percentage of experience gained in the entire game.
 F = Experience gained in this place divided by the number of levels of this place that you have seen.
                   A       B       C       D       E      F
               +-------+-------+-------+-------+-------+----------------------
         Total | 100.0 | 100.0 |  -nan |  -nan | 100.0 |  22.0
       Dungeon | 100.0 | 100.0 |  -nan |  -nan | 100.0 |  22.0
               +-------+-------+-------+-------+-------+----------------------

Vanquished Creatures
  An adder (D:2)
  A giant gecko (D:2)
  3 bats
  2 giant cockroaches
  A goblin (D:2)
  5 hobgoblins (D:1)
  3 giant newts
  A kobold (D:1)
  2 rats (D:2)
19 creatures vanquished.

Notes
Turn   | Place    | Note
--------------------------------------------------------------
     0 | D:1      | gw, the Halfling Wizard, began the quest for the Orb.
     0 | D:1      | Reached XP level 1. HP: 11/11 MP: 3/3
   575 | D:1      | Reached XP level 2. HP: 12/18 MP: 0/5
   675 | D:1      | Learned a level 2 spell: Blink
  1465 | D:1      | Reached skill level 1 in Armour
  1704 | D:2      | Reached XP level 3. HP: 8/22 MP: 0/6
  2120 | D:2      | HP: 1/22 [worm (11)]
  2122 | D:2      | Slain by a worm

Action                   || total
-------------------------++-------
Melee: Club              ||    42
       Unarmed           ||     2
 Cast: Magic Dart        ||    57
  Use: Potion            ||     4
       Scroll            ||     2
  Eat: Chunk             ||     4

Vault maps used:
D:1:      dpeg_arrival_simpleton_a, hangedman_decor_growths
D:2:      first_bread, baited_tele_trap
